 Dungeon Crawl Stone Soup version 0.22-a0-815-gb582571 (webtiles) character file.

45 iamserjio the Charlatan (level 3, 0/18 HPs)
             Began as a Spriggan Artificer on July 23, 2018.
             Shot with a stone by a goblin (3 damage)
             ... on level 2 of the Dungeon.
             The game lasted 00:03:46 (576 turns).

iamserjio the Charlatan (Spriggan Artificer)         Turns: 576, Time: 00:03:47

Health: 0/18       AC:  2    Str:  8    XL:     3   Next: 42%
Magic:  7/7        EV: 19    Int: 13    God:
Gold:   44         SH:  0    Dex: 16    Spells: 2/2 levels left

rFire    . . .     SeeInvis +   p - +2 dagger (drain)
rCold    . . .     Gourm    .   (shield restricted)
rNeg     . . .     Faith    .   b - +0 robe
rPois    .         Spirit   .   (helmet restricted)
rElec    .         Reflect  .   (no cloak)
rCorr    .         Harm     .   (gloves unavailable)
MR       .....                  (boots unavailable)
Stlth    +++.......             (no amulet)
HPRegen  0.06/turn              (no ring)
MPRegen  0.10/turn              (no ring)

@: very quick
A: very small, unfitting armour, see invisible, herbivore, speed 3, slow
metabolism 2
a: no special abilities


You were on level 2 of the Dungeon.
You were not hungry.

You visited 1 branch of the dungeon, and saw 2 of its levels.

You collected 44 gold pieces.

Inventory:

Hand Weapons
 a - a +0 short sword
 p - a +2 dagger of draining (weapon)
Missiles
 m - 30 arrows
 q - a throwing net (quivered) {!f}
Armour
 b - a +0 robe (worn)
Wands
 c - a wand of flame (5)
 d - a wand of enslavement (15)
 e - a wand of random effects (5)
Scrolls
 g - a scroll of fear {unknown}
 h - a scroll of noise {unknown}
Potions
 i - a potion of agility {unknown}
 j - a potion of flight {unknown}
 k - 2 potions of haste {unknown}
 l - a potion of mutation {unknown}
 n - a potion of might {unknown}
 o - a potion of magic {unknown}
Comestibles
 f - a ration


   Skills:
 - Level 1.0 Fighting
 + Level 1.9 Short Blades
 + Level 3.7 Dodging
 * Level 4.0 Stealth
 - Level 4.0 Evocations


You had 2 spell levels left.
You didn't know any spells.
Your spell library was empty.

Dungeon Overview and Level Annotations

Branches:
Dungeon (2/15)

Altars:
Sif Muna


Innate Abilities, Weirdness & Mutations

You are very small and have problems with some larger weapons.
You are too small for most types of armour.
You have supernaturally acute eyesight. (SInv)
You are a herbivore.
You cover ground extremely quickly.
You need to consume almost no food.


Message History

Aiming: Throw Flame
Press: ? - help, Shift-Dir - straight line, f - hobgoblin
Aim: a hobgoblin, wielding a club The puff of flame hits the hobgoblin.
You kill the hobgoblin!
The bat barely misses you.
You hit the bat. You drain the bat!
You kill the bat!
Your Stealth skill increases to level 4!
The goblin shouts!
You hear an angry hiss.
The goblin wields a hunting sling.
The goblin shoots a stone.
The stone misses you.
Evoke which item? (* to show all) (? for menu, Esc to quit)
Aiming: Random Effects
Press: ? - help, Shift-Dir - straight line, f - goblin
Aim: a goblin, wielding a hunting sling The goblin looks slightly unstable.
A bat comes into view.
The goblin shoots a stone.
The stone hits you.
You die...

##.###.####
#.###...)..)..# ##
#....(.....†.##...#
####....#.#.<......
####.#.#.###...#
#.#.#.###...#
######
#.#.#........
......
#.#.#..##...# .####
#.#.#@(.##.##
#.#........#
#.gS....####
.........#.#
###...b..^.#
#.##.##### ... #.
### ##


You could see an adder, a goblin and a bat.

Vanquished Creatures
  An adder (D:2)
  A dart slug (D:1)
  A ball python (D:1)
  3 bats
  2 giant cockroaches
  4 goblins
  5 hobgoblins
  4 jackals (D:1)
  3 kobolds
  A quokka (D:2)
  2 frilled lizards
  3 rats (D:1)
30 creatures vanquished.

Notes
Turn   | Place    | Note
-------+----------+-------------------------------------------
     0 | D:1      | iamserjio the Spriggan Artificer began the quest for the Orb.
     0 | D:1      | Reached XP level 1. HP: 9/9 MP: 4/4
    83 | D:1      | Reached skill level 1 in Fighting
   102 | D:1      | Reached XP level 2. HP: 8/14 MP: 6/6
   476 | D:1      | Reached XP level 3. HP: 9/18 MP: 7/7
   504 | D:2      | Found a deep blue altar of Sif Muna.
   576 | D:2      | Shot with a stone by a goblin

Vault maps used:
D:1:      sevenhm_arrival_forest_fort_small_4
D:2:      nicolae_overflow_crystal_walls

Skill      XL: |  1  2  3 |
---------------+----------+-----
Stealth        | 2 3 4 |  4.0
Fighting       | 1 |  1.0
Short Blades   | |  1.9
Dodging        | |  3.7
Evocations     | |  4.0

Action                   || total
-------------------------++-------
Melee: Short sword       ||    43
       Dagger            ||    12
Evoke: Wand              ||    20
 Stab: Sleeping          ||     3
       Confused          ||     2
       Distracted        ||     1
Armor: Robe              ||     3
Dodge: Dodged            ||    41

Table legend:
 A = Spawn XP
 B = Non-spawn XP
 C = Spawn XP percentage of total XP
 D = Spawn monster count
 E = Non-spawn monster count
 F = Spawn count percentage of total count
 G = Total turns spent on level
                    A         B        C        D         E        F      G
               +---------+---------+-------+---------+---------+-------+---------
         Total |       0 |      65 |   0.0 |       0 |      30 |   0.0 |   576
               +---------+---------+-------+---------+---------+-------+---------
           D:1 |       0 |      40 |   0.0 |       0 |      21 |   0.0 |   365
           D:2 |       0 |      25 |   0.0 |       0 |       9 |   0.0 |   211
               +---------+---------+-------+---------+---------+-------+---------
